 Dungeon Crawl Stone Soup version 0.18.1-48-g4cf74bf (webtiles) character file.

17 Lennu the Grave Robber (level 2, 22/24 HPs)
             Began as a Deep Dwarf Necromancer on June 27, 2016.
             Quit the game on level 1 of the Dungeon.
             The game lasted 00:09:09 (507 turns).

Lennu the Grave Robber (Deep Dwarf Necromancer)      Turns: 507, Time: 00:09:10

Health: 22/24      AC:  3    Str: 11    XL:     2   Next: 44%
Magic:  2/5        EV: 11    Int: 15    God:
Gold:   15         SH:  3    Dex: 13    Spells: 2 memorised, 3 levels left

rFire  . . .     SeeInvis .     j - +0 short sword
rCold  . . .     Gourm    .     i - +0 leather armour
rNeg   . . .     Faith    .     h - +0 buckler
rPois  +         Spirit   .     (no helmet)
rElec  .         Dismiss  .     (no cloak)
rCorr  .         Reflect  .     (no gloves)
SustAt .         Harm     .     (no boots)
MR     .....                    (no amulet)
Stlth  ++........               (no ring)
                                a - ring of poison resistance

@: non-regenerating, not resistant to hostile enchantments, unstealthy
A: damage resistance, recharge devices, sense surroundings 1, slow regeneration
3
a: Device Recharging


You were on level 1 of the Dungeon.
You were not hungry.

You visited 1 branch of the dungeon, and saw 1 of its levels.

You collected 15 gold pieces.

Inventory:

Hand Weapons
 j - a +0 short sword (weapon)
Armour
 h - a +0 buckler (worn)
 i - a +0 leather armour (worn)
Jewellery
 a - a ring of poison resistance (left hand)
 e - an uncursed ring of fire {unknown}
Wands
 c - a wand of heal wounds (5/9)
Scrolls
 l - a scroll of fog {unknown}
Books
 b - a book of Necromancy

   Spells                             Type                      Level
   a - Pain                           Necromancy                   1
   b - Animate Skeleton               Necromancy                   1
   c - Vampiric Draining              Necromancy                   3
   d - Regeneration                   Charms/Necromancy            3
   e - Animate Dead                   Necromancy                   4
   f - Control Undead                 Necromancy                   4
Comestibles
 d - a bread ration
 f - 3 fruits
 g - 5 chunks of flesh
 k - a meat ration


   Skills:
 * Level 0.6 Fighting
 * Level 0.9 Armour
 * Level 2.2 Dodging
 - Level 2.4 Stealth
 * Level 2.0 Spellcasting
 + Level 4.6 Necromancy


You had 3 spell levels left.
You knew the following spells:

 Your Spells              Type           Power        Failure   Level  Hunger
a - Pain                  Necr           ###.         10%         1    #......
b - Animate Skeleton      Necr           N/A          10%         1    #......


Dungeon Overview and Level Annotations

Branches:
Dungeon (1/15)

Altars:


Innate Abilities, Weirdness & Mutations

You are resistant to damage.
You can recharge devices by infusing magical energy.
You passively map a small area around you.
You do not regenerate naturally.


Message History

You barely miss the bat.
The bat is severely wounded.
The bat hits you but does no damage. You block the bat's attack.
You see here a hobgoblin corpse.
You swap places.
Your bat skeleton completely misses the bat.
The bat hits your bat skeleton.
Your bat skeleton hits the bat.
The bat dies!
Your Spellcasting skill increases to level 2!
You swap places.
You see here a hobgoblin corpse.
You butcher the hobgoblin corpse.
g - 5 chunks of flesh (gained 1)
You see here a bat corpse.
Unknown command.
Unknown command.
Quiver which item? (- for none, * to show all) (? for menu, Esc to quit)
Okay, then.
Are you sure you want to abandon this character and quit the game? (Confirm with "yes".)

..............
.......#..............#
*,*
.........#..#.........##
.###...#.#..#...........
............#.........#
***
............#.........#
............#.........#
..........###.........#
*
.#######.....†.Z@.....#
.# #######........# .#
##.####### .# #.# * .#
#.# .# #.# .# #.# ## #..
* * *


You could see a friendly bat skeleton.

Vanquished Creatures
  A ball python (D:1)
  A giant cockroach (D:1)
  2 goblins (D:1)
  2 hobgoblins (D:1)
  3 kobolds (D:1)
  3 rats (D:1)
12 creatures vanquished.

Vanquished Creatures (collateral kills)
  2 bats (D:1)
  A goblin (D:1)
3 creatures vanquished.

Grand Total: 15 creatures vanquished

Notes
Turn   | Place    | Note
--------------------------------------------------------------
     0 | D:1      | Lennu the Deep Dwarf Necromancer began the quest for the Orb.
     0 | D:1      | Reached XP level 1. HP: 15/15 MP: 3/3
   195 | D:1      | Reached XP level 2. HP: 24/24 MP: 4/4
   242 | D:1      | Learned a level 1 spell: Animate Skeleton
   507 | D:1      | Quit the game

Skill      XL: |  1  2 |
---------------+-------+-----
Spellcasting   | 2 |  2.0
Fighting       | |  0.6
Armour         | |  0.9
Dodging        | |  2.2
Stealth        | |  2.4
Necromancy     | |  4.6

Action                   || total
-------------------------++-------
Melee: Club              ||    20
       Short sword       ||    13
 Cast: Pain              ||    10
       Animate Skeleton  ||     4
Armor: Leather armour    ||    11
       Robe              ||     3
Dodge: Dodged            ||    37
Block: Buckler           ||     3
